 Dungeon Crawl Stone Soup version 0.25-a0-404-gc1b5a34292 (webtiles) character file.

Game seed: 5799130815697985729, levelgen mode: classic

261 EnegeticOcto the Skirmisher (level 5, 0/43 HPs)
             Began as a Demonspawn Warper on Jan 10, 2020.
             Killed by nerve-wracking pain
             ... invoked by an orc priest
              (8 damage)
             ... on level 4 of the Dungeon.
             The game lasted 00:07:04 (5212 turns).

EnegeticOcto the Skirmisher (Demonspawn Warper)     Turns: 5212, Time: 00:07:05

Health: 0/43       AC:  9    Str: 17    XL:     5   Next: 96%
Magic:  17/17      EV:  7    Int: 14    God:
Gold:   158        SH:  0    Dex: 13    Spells: 6/8 levels left

rFire    . . .     SeeInvis .   q - +1 whip (flame)
rCold    + . .     Gourm    .   (no shield)
rNeg     . . .     Faith    .   l - +0 chain mail
rPois    .         Spirit   .   (helmet restricted)
rElec    .         Reflect  .   (no cloak)
rCorr    .         Harm     .   c - +0 pair of gloves
MR       +....                  (no boots)
Stlth    ..........             (no amulet)
HPRegen  0.14/turn              k - ring of magical power
MPRegen  0.15/turn              m - ring of protection from magic

@: mighty
A: antennae 1, cold resistance 1, powered by pain 1
a: no special abilities


You were on level 4 of the Dungeon.
You were not hungry.

You visited 1 branch of the dungeon, and saw 4 of its levels.

You collected 158 gold pieces.

Inventory:

Hand Weapons
 a - a +0 spear
 q - a +1 whip of flaming (weapon)
Missiles
 f - 5 boomerangs of dispersal (quivered)
Armour
 b - a +0 leather armour
 c - a +0 pair of gloves (worn)
 l - a +0 chain mail (worn)
 n - a +0 large shield
Jewellery
 k - a ring of magical power (left hand)
 m - a ring of protection from magic (right hand)
Scrolls
 d - a scroll of blinking {@r4}
 g - 3 scrolls of remove curse {@r2}
 h - a scroll of enchant armour {unknown}
 o - a scroll of noise
 p - a scroll of magic mapping {unknown}
 r - a scroll of fear {unknown}
 v - a scroll of amnesia {unknown}
Potions
 i - 2 potions of agility {@q5 !q}
 j - a potion of mutation
 s - a potion of curing {@q1 !q}
 u - a potion of ambrosia {unknown}
Comestibles
 e - 4 rations
 w - 5 chunks of flesh


   Skills:
 + Level 4.9 Fighting
 * Level 3.0 Polearms
 - Level 0.8 Throwing
 - Level 0.8 Armour
 - Level 1.7 Dodging
 + Level 2.1 Shields
 - Level 2.0 Spellcasting
 - Level 2.6 Translocations


You had 6 spell levels left.
You knew the following spells:

 Your Spells              Type           Power        Failure   Level  Hunger
Y - Blink                 Tloc           N/A          90%         2    ###....

Your spell library contained the following spells:

 Spells                   Type           Power        Failure   Level  Hunger
 Shroud of Golubria       Chrm/Tloc      #.....       98%         2    ###....
 Gell's Gravitas          Tloc           #.........   99%         3    ####...
 Lesser Beckoning         Tloc           #.........   99%         3    ####...
 Teleport Other           Tloc           #.......     99%         3    ####...
 Passage of Golubria      Tloc           N/A          100%        4    #####..


Dungeon Overview and Level Annotations

Branches:
Dungeon (4/15)
 Temple: D:4-7

Altars:


Innate Abilities, Weirdness & Mutations

You have a pair of small antennae on your head.
Your flesh is cold resistant. (rC+)
You sometimes gain a little power by taking damage.


Message History

You kill the jackal!
You hit the jackal but do no damage. The jackal barely misses you.
The jackal bites you but does no damage.
Your chain mail prevents you from hitting the jackal.
The jackal completely misses you.
You closely miss the jackal. The jackal closely misses you.
The jackal bites you but does no damage.
You barely miss the jackal.
The jackal bites you but does no damage.
You closely miss the jackal.
The jackal bites you but does no damage. x2
You hit the jackal. You burn the jackal.
You kill the jackal!
No target in view!
Welcome back, EnegeticOcto the Demonspawn Warper.
Press ? for a list of commands and other information.
HP restored.
You butcher the jackal corpse.
w - a chunk of flesh You butcher the jackal corpse.
w - 3 chunks of flesh (gained 2)
You butcher the jackal corpse.
w - 6 chunks of flesh (gained 3)
Things that are here:
a jackal skeleton x3
Things that are here:
a jackal skeleton x3
Eating one of 6 chunks of flesh.
You eat one of the 6 chunks of flesh.
This raw flesh tastes terrible.
You open the door.
An orc wizard comes into view. It is wielding a +0 dagger.
Found 12 gold pieces.
An orc wizard is nearby!
An orc priest and an orc wizard come into view.
The orc wizard shouts!
The orc priest shouts!
You hear a screech!
The orc wizard hits you but does no damage.
There is an open door here.
You hit the orc wizard. You burn the orc wizard.
The orc wizard is moderately wounded.
A hippogriff comes into view.
The orc wizard hits you but does no damage.
The orc wizard casts a spell.
The orc wizard blinks!
Your chain mail prevents you from hitting the orc wizard.
The orc wizard is moderately wounded.
The orc wizard hits you but does no damage.
Okay, then.
Okay, then.
The orc wizard gestures wildly while chanting.
The orc wizard blinks!
The orc priest miscasts a cantrip.
The orc wizard points at you and mumbles some strange words.
The magic dart hits you.
Okay, then.
Okay, then.
Okay, then.
Really quaff
t - a potion of might {@q3 !q}?
You feel very mighty all of a sudden.
You barely miss the orc wizard.
The orc wizard is moderately wounded.
The orc wizard hits you but does no damage.
You hit the orc wizard. You burn the orc wizard.
You kill the orc wizard!
Your Polearms skill increases to level 3!
The orc priest mumbles some strange prayers to Beogh against you.
Beogh smites you!
You focus on the pain.
You feel mightier all of a sudden.
You hit the orc priest. You burn the orc priest.
The orc priest is heavily wounded.
The orc priest hits you but does no damage.
You hit the orc priest. You burn the orc priest.
The orc priest is severely wounded.
The orc priest hits you but does no damage.
You closely miss the orc priest.
The orc priest is severely wounded.
The orc priest hits you but does no damage.
You barely miss the orc priest.
The orc priest is severely wounded.
The orc priest hits you but does no damage.
You hit the orc priest but do no damage.
The orc priest is severely wounded.
The orc priest hits you but does no damage.
Your chain mail prevents you from hitting the orc priest.
The orc priest is severely wounded.
The orc priest calls down the wrath of Beogh upon you.
Beogh smites you!
* * * LOW HITPOINT WARNING * * *
Your chain mail prevents you from hitting the orc priest.
The orc priest is severely wounded.
You barely miss the orc priest.
The orc priest is severely wounded.
The orc priest hits you but does no damage.
The orc wizard casts a spell at you. The magic dart hits you.
* * * LOW HITPOINT WARNING * * *
You barely miss the orc priest.
The orc priest is severely wounded.
The orc priest calls down the wrath of Beogh upon you.
Pain shoots through your body!
You die...

. ... ....###
....H..######
....§...o'....#
#........####.##
#.....$.. #.H#
#.############o####...
#.#........÷.@o.......
#.#.##########..###...
####.#.####### ##.#
.............. ...
##.#.#.####### #.##
#.#.#.# .. #.#.#.# #.#
#.#.#<# .# #.#.###


You could see a hippogriff, an orc priest and an orc wizard.

Vanquished Creatures
  A scorpion (D:3)
  2 orc wizards
  5 adders
  An ooze (D:1)
  3 worms
  7 dart slugs
  3 leopard geckos
  4 orcs
  2 ball pythons
  7 giant cockroaches
  3 goblins
  4 hobgoblins
  7 jackals
  5 kobolds
  A quokka (D:2)
  9 bats
  6 frilled lizards
  12 rats
82 creatures vanquished.

Notes
Turn   | Place    | Note
-------+----------+-------------------------------------------
     0 | D:1      | EnegeticOcto the Demonspawn Warper began the quest for the
                  | Orb.
     0 | D:1      | Reached XP level 1. HP: 16/16 MP: 3/3
   121 | D:1      | Gained mutation: Your flesh is cold resistant. (rC+)
                  | [demonic ancestry]
   121 | D:1      | Reached XP level 2. HP: 23/23 MP: 5/5
   174 | D:1      | Reached skill level 3 in Fighting
   186 | D:1      | Learned a level 2 spell: Blink
   733 | D:1      | Gained mutation: You have a pair of small antennae on your
                  | head. [demonic ancestry]
   733 | D:1      | Reached XP level 3. HP: 24/29 MP: 6/6
  1415 | D:2      | Reached skill level 4 in Fighting
  1951 | D:2      | Gained mutation: You sometimes gain a little power by
                  | taking damage. [demonic ancestry]
  1951 | D:2      | Reached XP level 4. HP: 15/37 MP: 7/7
  2484 | D:2      | Reached skill level 1 in Shields
  3758 | D:3      | Reached XP level 5. HP: 43/43 MP: 8/8
  5191 | D:4      | Noticed a hippogriff
  5212 | D:4      | Killed from afar by an orc priest

Levels and vault maps discovered:
D:1:      nicolae_arrival_memento_mori, layout_basic, kennysheep_doodads,
          roderic_lattice_a
D:2:      minmay_skewed_foursquare, layout_basic, minmay_cut_off
D:3:      layout_basic, minmay_misc_feat_columns
D:4:      layout_basic, yredelemnul_forgotten_temple_becter

Skill      XL: |  1  2  3  4  5 |
---------------+----------------+-----
Fighting       | 3 4 |  4.9
Shields        | 1 2 |  2.1
Polearms       | 2 3 |  3.0
Throwing       | |  0.8
Armour         | |  0.8
Dodging        | |  1.7
Spellcasting   | |  2.0
Translocations | |  2.6

Action                   |  1- 3 |  4- 6 || total
-------------------------+-------+-------++-------
Melee: Spear             |   168 |   200 ||   368
       Unarmed           |     3 |       ||     3
       Whip              |       |    93 ||    93
 Cast: Blink             |     2 |       ||     2
  Use: Scroll            |     4 |     3 ||     7
       Potion            |     1 |     1 ||     2
 Stab: Sleeping          |     3 |     3 ||     6
  Eat: Chunk             |     3 |     8 ||    11
       Ration            |       |     1 ||     1
Armor: Leather armour    |    39 |    16 ||    55
       Skin              |     1 |       ||     1
       Chain mail        |       |   117 ||   117
Dodge: Dodged            |    82 |    88 ||   170

Table legend:
 A = Non-vault XP
 B = Vault XP
 C = Vault XP percentage of total XP
 D = Non-vault monster count
 E = Vault monster count
 F = Vault count percentage of total count
                 A         B        C        D         E       F
            +---------+---------+-------+---------+---------+-------
      Total |     348 |      25 |   6.7 |      76 |       6 |   7.3
            +---------+---------+-------+---------+---------+-------
        D:1 |      58 |       0 |   0.0 |      28 |       0 |   0.0
        D:2 |      47 |      25 |  34.7 |      15 |       6 |  28.6
        D:3 |     185 |       0 |   0.0 |      24 |       0 |   0.0
        D:4 |      58 |       0 |   0.0 |       9 |       0 |   0.0
            +---------+---------+-------+---------+---------+-------
